 Dungeon Crawl Stone Soup version 0.28.0-45-g0d030f2227 (webtiles) character file.

Game seed: 11679323242455740337

778 Peloso the Slasher (level 7, 0/62 HPs)
             Began as a Minotaur Fighter on Apr 3, 2022.
             Was an Initiate of Okawaru.
             Slain by Sigmund
             ... wielding a +2 scythe of holy wrath
              (10 damage)
             ... on level 5 of the Dungeon.
             The game lasted 00:05:32 (4061 turns).

Peloso the Slasher (Minotaur Fighter)               Turns: 4061, Time: 00:05:33

Health: 0/62       AC: 11    Str: 26    XL:     7   Next: 54%
Magic:  6/6        EV:  8    Int:  5    God:    Okawaru [......]
Gold:   228        SH:  6    Dex: 18    Spells: 6/6 levels left

rFire   . . .      SeeInvis .   a - +0 long sword
rCold   . . .      Faith    .   c - +0 buckler
rNeg    . . .      Spirit   .   v - +0 chain mail
rPois   .          Reflect  .   (helmet restricted)
rElec   .          Harm     .   j - +0 cloak
rCorr   .          Rampage  .   (no gloves)
Will    .....                   (no boots)
Stlth   ..........              (no amulet)
HPRegen 0.20/turn               h - +6 ring of dexterity
MPRegen 0.10/turn               g - +6 ring of strength

@: no status effects
A: horns 2, retaliatory headbutt
a: Renounce Religion


You were on level 5 of the Dungeon.
You worshipped Okawaru.
Okawaru was noncommittal.
You visited 2 branches of the dungeon, and saw 6 of its levels.

You collected 228 gold pieces.

Inventory:

Hand Weapons
 a - a +0 long sword (weapon)
Armour
 b - a +0 scale mail
 c - a +0 buckler (worn)
 j - a +0 cloak (worn)
 v - a +0 chain mail (worn)
Jewellery
 g - a +6 ring of strength (right hand)
 h - a +6 ring of dexterity (left hand)
Wands
 s - a wand of flame (8)
 t - a wand of polymorph (7)
Scrolls
 f - 4 scrolls of identify {unknown}
 i - a scroll of teleportation {unknown}
 l - a scroll of acquirement {unknown}
 n - a scroll of fog {unknown}
 o - a scroll of holy word {unknown}
 q - a scroll of blinking {unknown}
 r - a scroll of brand weapon {unknown}
 u - a scroll of immolation {unknown}
 w - a scroll of silence {unknown}
Potions
 d - a potion of might
 e - 2 potions of flight {unknown}
 k - a potion of lignification {unknown}
 m - a potion of attraction {unknown}
 p - a potion of degeneration {unknown}
 x - 2 potions of curing {unknown}


   Skills:
 + Level 5.7 Fighting
 + Level 7.0 Long Blades
 + Level 6.0 Armour
 + Level 1.3 Dodging
 + Level 0.5 Stealth
 + Level 4.7 Shields


You had 6 spell levels left.
You didn't know any spells.
Your spell library contained the following spells:

 Spells                   Type           Power      Damage    Failure   Level
 Frozen Ramparts          Ice            0%         1d2       100%        3
 Ice Form                 Ice/Tmut       0%         N/A       100%        4
 Summon Ice Beast         Ice/Summ       Unusable   N/A       N/A         4

Dungeon Overview and Level Annotations

Branches:
Dungeon (5/15)             Temple (1/1) D:5

Altars:
Ashenzari
Cheibriados
Dithmenos
Elyvilon
Fedhas
Gozag
Hepliaklqana
Kikubaaqudgha
Makhleb
Nemelex Xobeh
Okawaru
Qazlal
Ru
Sif Muna
Trog
Uskayaw
Vehumet
Wu Jian
Xom
Yredelemnul
Zin
The Shining One

Shops:
D:2 [   D:4 [

Annotations:
D:5 Sigmund


Innate Abilities, Weirdness & Mutations

You have a pair of horns on your head.
You reflexively headbutt those who attack you in melee.


Message History

Sigmund is heavily wounded.
Sigmund gestures at you while chanting.
You are confused.
You slash Sigmund!
Sigmund is severely wounded.
Sigmund mumbles some strange words.
Sigmund flickers and vanishes!
Deactivating autopickup; reactivate with Ctrl-A.
Something hits you.
You bump into the rock wall.
Something hits you.
You bump into the rock wall.
You miss something. Something hits you but does no damage.
You completely miss something. Something hits you.
You bump into the rock wall.
You feel less confused.
You miss something.
You hear some strange, mumbled words.
A puff of flame appears from out of thin air!
The puff of flame hits you.
You miss something. Your headbutt misses something. Something hits you!
You closely miss something. Your headbutt misses something. Something hits you.
You hit something.
You hear some strange, mumbled words.
A puff of flame appears from out of thin air!
The puff of flame hits you!
You closely miss something. Something hits you.
You barely miss something. You closely miss something. Something hits you.
* * * LOW HITPOINT WARNING * * *
You miss something. Something hits you.
* * * LOW HITPOINT WARNING * * *
You closely miss something. You headbutt something.
Something hits you but does no damage.
You hit something but do no damage. Your headbutt misses something.
You hit something.
You hear some strange, mumbled words.
A magic dart appears from out of thin air!
The magic dart hits you but does no damage.
You barely miss something. Something hits you!
You die...

#.>........## ##...........#
#............# #...........##
###....#.#...#####
####.###.....#.#
#.....###......##### ##
###.....####.........####..
#.........@#...#......#....
#........{....##...........
#......##......##.#.........
.................>#..#.........
.(...#.........................
.....##.....#..####..##.#...##.
.... #.....#...####..##..#####
..# ..........#.#...##o.#....
.. ...##............##.......


There were no monsters in sight!

Vanquished Creatures
  Eustachio (D:5)
  Edmund (D:4)
  An ogre (D:5)
  A phantom (D:4)
  A bullfrog skeleton (D:5)
  A centaur zombie (D:5)
  A hound (D:5)
  An orc priest (D:5)
  2 orc wizards
  2 scorpion zombies (D:5)
  A hound skeleton (D:4)
  3 adders
  A white imp (D:5)
  An ufetubus (D:5)
  3 worms
  2 dart slugs (D:2)
  9 orcs
  3 bats
  6 endoplasms
  2 giant cockroaches
  12 goblins
  11 hobgoblins
  A quokka (D:4)
  10 ball pythons
  8 frilled lizards
  6 kobolds
  A rat (D:1)
92 creatures vanquished.

Notes
Turn   | Place    | Note
-------+----------+-------------------------------------------
     0 | D:1      | Peloso the Minotaur Fighter began the quest for the Orb.
     0 | D:1      | Reached XP level 1. HP: 19/19 MP: 0/0
   180 | D:1      | Reached XP level 2. HP: 27/27 MP: 1/1
   584 | D:1      | Found a faded altar of an unknown god.
   903 | D:2      | Found Jumifrun's Antique Armour Shoppe.
   912 | D:2      | Reached skill level 3 in Long Blades
   947 | D:2      | Reached XP level 3. HP: 33/33 MP: 2/2
  1586 | D:3      | Reached skill level 4 in Long Blades
  1586 | D:3      | Reached XP level 4. HP: 35/41 MP: 3/3
  1906 | D:3      | Found an ancient bone altar of Kikubaaqudgha.
  2167 | D:4      | Found Elar's Antique Armour Emporium.
  2444 | D:4      | Identified the +1 leather armour "Mam Vaamm" {-Tele Rampage
                  | Int-4 Dex+9}
  2622 | D:4      | Reached XP level 5. HP: 42/47 MP: 4/4
  2749 | D:4      | Noticed a phantom
  2757 | D:4      | Killed a phantom
  2758 | D:4      | Reached skill level 5 in Long Blades
  3128 | D:5      | Entered Level 5 of the Dungeon
  3151 | D:5      | Reached skill level 5 in Armour
  3151 | D:5      | Reached XP level 6. HP: 53/53 MP: 5/5
  3159 | D:5      | Noticed Edmund
  3191 | D:4      | Killed Edmund
  3192 | D:4      | Reached skill level 6 in Long Blades
  3192 | D:4      | Reached skill level 1 in Dodging
  3466 | D:5      | Reached skill level 5 in Fighting
  3466 | D:5      | Reached XP level 7. HP: 29/61 MP: 6/6
  3703 | D:5      | Noticed Eustachio
  3709 | D:5      | Killed Eustachio
  3755 | D:5      | Found a staircase to the Ecumenical Temple.
  3771 | Temple   | Entered the Ecumenical Temple
  3825 | Temple   | Became a worshipper of Warmaster Okawaru
  3846 | D:5      | Reached skill level 7 in Long Blades
  3924 | D:5      | Noticed Sigmund
  4061 | D:5      | Slain by Sigmund

Illustrated notes

Levels and vault maps discovered:
D:1:      dpeg_arrival_pits, layout_rooms,
          hellmonk_ecumenical_altar_leap_of_faith
D:2:      minmay_spotlight, layout_basic, serial_shops,
          nicolae_shop_behind_doors, minmay_3d_cube
D:3:      layout_loops_ring, nicolae_kikubaaqudgha_miasma_corner
D:4:      cheibrodos_greedy_goblins, layout_loops_corners, serial_shops,
          nicolae_shop_trees, minmay_liquid_box
D:5:      layout_cave_pools, minmay_temple_entry_proselytizer, uniq_sigmund,
          uniq_edmund, uniq_eustachio
Temple:   nicolae_temple_the_god_donut

Skill      XL: |  1  2  3  4  5  6  7 |
---------------+----------------------+-----
Fighting       | 4 5 |  5.7
Long Blades    | 3 4 5 6 7 |  7.0
Armour         | 4 5 6 |  6.0
Shields        | 4 |  4.7
Dodging        | 1 |  1.3
Stealth        | |  0.5

Action                   |  1- 3 |  4- 6 |  7- 9 || total
-------------------------+-------+-------+-------++-------
Melee: Long sword        |    90 |    91 |    42 ||   223
       Headbutt          |     8 |    16 |    10 ||    34
Armor: Scale mail        |    42 |    36 |       ||    78
       Chain mail        |       |       |    20 ||    20
Dodge: Dodged            |    39 |    48 |    13 ||   100
Block: Buckler           |    16 |    28 |     6 ||    50
